[Event "FIDE World Rapid Chess Championship 2022"]
[Site "Chess.com"]
[Date "2022.12.28"]
[Round "13"]
[White "Carlsen, Magnus"]
[Black "Maghsoodloo, Parham"]
[Result "1-0"]
[WhiteElo "2859"]
[BlackElo "2719"]
[ECO "B67"]
[EventDate "2022.??.??"]
[Annotator "rafael"]
[PlyCount "55"]
[Beauty "8248216268328"]
[EventType "rapid"]
[TimeControl "900+10"]

1.e4 c5 2.Nf3 d6 3.d4 cxd4 4.Nxd4 Nf6 5.Nc3 Nc6 {The Classical Variation of the Sicilian is very popular again and, if we think about it, it is one of the most reliable, taking into account the opening principles of chess such as prioritizing development, starting with the knights. That said, following these principles is no guarantee of not getting mated in the Sicilian, as we shall see.} 6.Bg5 {The Richter-Rauzer Variation is the best and most popular option against the Classical Sicilian.} 6...e6 7.Qd2 a6 {This system is the most played in the elite right now, surpassing 7...Be7 followed by 8...0-0, which was played a lot by Kramnik in the '90s.} ( 7...Be7 8.O-O-O O-O ) 8.O-O-O Bd7 {Here White needs to decide whether to play with 9.f4 (the most popular move) or 9.f3, following the English Attack plan. This last option seems to me to be the most dangerous for Black and is Carlsen's choice.} 9.f3 ( 9.f4 Be7 10.Nf3 b5 {Leads to a position with much theory and is currently being discussed at the top level.} ) 9...Nxd4 {This capture is played by almost everyone these days.} 10.Qxd4 Be7 11.Kb1 $1 {[%c_effect b1;square;b1;type;GreatFind;persistent;true] As I always say: you are never far wrong playing Kb1 after long castling. This move is always important sooner or later, so why not start with it $2} 11...b5 ( 11...Qc7 {is the most played move. A recent game followed:} 12.h4 b5 13.Qd2 b4 14.Ne2 a5 15.c4 $5 bxc3 ( 15...Qxc4 $2 16.e5 ) 16.Nxc3 Rb8 17.a4 $1 O-O 18.Nb5 {with some pressure for White in Sethuraman-Vidit, 2022 Tata Steel India (Rapid) 2022.} ) 12.h4 Rb8 $6 ( 12...Qc7 {Transposes to the game we saw above.} ) 13.g4 b4 14.Ne2 {My impression is that White's attack on the kingside arrives much faster than Black's on the queenside.} 14...a5 15.Ng3 Qc7 {The development of the queen on c7, so natural a few moves ago, is new in this position. A correspondence game followed with 15...0-0.} ( 15...O-O 16.Be3 a4 17.g5 Ne8 18.f4 {White's attack is scary, but in a correspondence game almost everything is defensible and the game ended in a draw. Bauer-Sikorsky, email 2009.} ) 16.Be3 {A thematic move, taking the bishop out of the pawns' way.} 16...Rc8 ( 16...O-O {is probably better, although the position is not pretty after} 17.g5 Ne8 ) 17.Rh2 ( 17.Qd2 {would be the choice of many players.} 17...Bc6 18.g5 Nd7 {Now at least Black manages to place the knight in a decent square. But White is much better anyway.} ) ( 17.Ba6 $1 {[%c_effect a6;square;a6;type;GreatFind;persistent;true] The computer indicates this difficult move as the most accurate, sacrificing the c2-pawn. If Black accepts the gift, then after} 17...Qxc2+ 18.Ka1 Ra8 19.Rc1 Qg2 20.Rhg1 Qh2 21.Bb7 Rb8 22.Qa7 O-O 23.g5 {Black's position collapses.} ) ( 17.g5 $5 {[%c_effect g5;square;g5;type;Interesting;persistent;true] Even this is possible.} 17...Qxc2+ 18.Ka1 e5 19.Qd3 Qxd3 20.Bxd3 Ng8 {White has some monster compensation, but at least the queens are not on the board anymore.} ) 17...d5 {A desperate attempt to complicate the game.} ( 17...O-O 18.g5 Ne8 {is a bit sad, since the knight is misplaced.} ) 18.e5 O-O {This is the idea.} 19.Ba6 $5 {[%c_effect a6;square;a6;type;Interesting;persistent;true] An elegant move.} ( 19.exf6 $6 Bxf6 20.Bf4 ( 20.Qd2 $6 Qxg3 ) 20...e5 21.Nh5 $1 exd4 22.Nxf6+ gxf6 23.Bxc7 Rxc7 24.Rxd4 {White is better, but this is a dream for Black compared to the game.} ) ( 19.g5 {is also good.} 19...Ne8 ) 19...Ra8 ( 19...Rb8 {is a better option since the rook is better placed here and the capture on f6 is still not winning.} 20.exf6 ( 20.g5 ) ( 20.Bd3 ) 20...Bxf6 21.Bf4 e5 22.Nh5 {Maybe Maghsoodloo was afraid of this move and I can understand him.} 22...exf4 23.Nxf6+ gxf6 {This looks horrible for Black, but it's not losing yet.} ) 20.Bd3 Rfc8 $6 {[%c_effect c8;square;c8;type;Inaccuracy;persistent;true] The rook was needed in the defense of the kingside. To be honest, it's hard to suggest improvements for Black—the position is just bad.} 21.Qf4 $1 Ne8 22.g5 {All the white pieces are ready to attack. The f7-pawn is now also weakened.} 22...Bc5 23.Bxc5 Qxc5 24.h5 ( 24.Nh5 {is also very tempting, followed by the knight sacrifice on f6.} ) 24...Bb5 25.Bxh7+ $1 {[%c_effect h7;square;h7;type;GreatFind;persistent;true] The position is ready for a sacrifice.} 25...Kxh7 26.g6+ fxg6 27.Qf7 {The simplest.} ( 27.hxg6+ Kxg6 28.Ne4 $1 {[%c_effect e4;square;e4;type;GreatFind;persistent;true] is also a nice finish.} 28...dxe4 29.Rg2+ Kh7 30.Qf7 $1 {[%c_effect f7;square;f7;type;GreatFind;persistent;true] The only winning move, but not so difficult to spot.} ) 27...g5 28.h6 {Mate is unavoidable. Congratulations to Carlsen for yet another magnificent performance $1} 1-0

[Event "Speed Chess Championship 2022 - Evento"]
[Site "Chess.com"]
[Date "2022.12.07"]
[Round "1"]
[White "Giri, Anish"]
[Black "Nihal, Sarin"]
[Result "0-1"]
[WhiteElo "2764"]
[BlackElo "2670"]
[ECO "B12"]
[EventDate "2022.??.??"]
[Annotator "rafael"]
[PlyCount "52"]
[Beauty "8248484710434"]
[EventType "team-tourn"]
[TimeControl "300+1"]

1.e4 c6 2.d4 d5 3.e5 Bf5 4.Nf3 e6 5.Be2 {This variation against the Caro-Kann is known as the \"Short Variation,\" named after GM Nigel Short. It's one of the most popular ways to counter Black's solid defense.} 5...Nd7 6.O-O Bg6 {The bishop move is useful as it vacates the f5-square for the kingside knight. This move, however, has not been very popular lately.} ( 6...Ne7 ) ( 6...h6 ) ( 6...f6 ) 7.c3 ( 7.Nbd2 {is the most played move.} ) 7...Nh6 {And now, to take this knight or not to take it $2} ( 7...Ne7 {is another possible move, as the knight prepares to go to f5 without allowing White to capture it.} ) 8.a4 $5 {[%c_effect a4;square;a4;type;Interesting;persistent;true] Playing for a queenside space advantage is typical in this line.} ( 8.Bxh6 {This is the most popular move in my database. On the one hand, White weakens Black's pawn structure. On the other hand, Black's development is now easier, and it's not so clear how White can exploit the newly-created weaknesses.} 8...gxh6 9.Nbd2 Be7 10.Nb3 O-O 11.Qd2 Kg7 12.Nc1 {The knight starts the walk toward f4. White has a small advantage. Lagarde-Laznicka, Brest 2018.} ) 8...a5 ( 8...Nf5 9.a5 a6 10.b4 $1 {[%c_effect b4;square;b4;type;GreatFind;persistent;true] This sequence illustrates White's idea of minimizing the opponent's counterplay by avoiding the c5 break.} 10...f6 11.Bf4 {With advantage for White in Vachier Lagrave-Liang, Aimchess Rapid 2021.} ) 9.Nbd2 ( 9.Bxh6 {Once again, the capture deserves consideration.} 9...gxh6 10.Qd2 {Salnaitis-Mickevicius, ICCF email 2018.} ) 9...f6 $6 {[%c_effect f6;square;f6;type;Inaccuracy;persistent;true] A new move.} ( 9...Be7 10.Ne1 f6 11.exf6 gxf6 12.Ndf3 Nf7 13.Nh4 {With an advantage for White in Movsesian-Polak, Czech Republic 2011.} ) 10.exf6 $6 ( 10.Nb3 $1 {[%c_effect b3;square;b3;type;GreatFind;persistent;true] is the right way to play.} 10...Nf7 11.Re1 $1 Be7 12.exf6 gxf6 ( 12...Bxf6 $2 13.Bd3 ) 13.Nh4 {With some advantage for White.} ) 10...Qxf6 ( 10...gxf6 $6 {[%c_effect f6;square;f6;type;Inaccuracy;persistent;true] Black's position is very loose with this capture.} 11.Nh4 ) 11.Nb3 Nf7 {Now Black has an acceptable position.} 12.Be3 {A bit slow.} ( 12.g3 $5 {[%c_effect g3;square;g3;type;Interesting;persistent;true] is an interesting move, with the idea of playing Nh4} ) 12...Bd6 13.Qd2 O-O 14.Rae1 h6 ( 14...e5 {leads to equality after} 15.dxe5 Nfxe5 16.Nxe5 Qxe5 17.f4 ) 15.Qd1 ( 15.Nc1 $5 e5 16.dxe5 Nfxe5 17.Nxe5 Qxe5 18.g3 {with just a small advantage for Black.} ) 15...b6 {Defending the a5-pawn and preparing to bring the a8-rook to the action.} 16.h3 {White's king is not as safe after this move.} ( 16.g3 $5 Bf5 17.Nh4 Bh3 18.Ng2 {with chances for both sides.} ) 16...Rae8 {Now e5 is coming with more force.} 17.Nh2 {This is Giri's plan.} 17...e5 18.Ng4 Qh4 19.dxe5 Nfxe5 20.Nd4 Be4 {Nihal continues to accumulate pieces near the opponent's king, and now there is only one possible move for White—a tough one to find even for a GM in a classical game. In a blitz game, it's simply impossible.} 21.Nxe5 $2 ( 21.Nxc6 $3 {[%c_effect c6;square;c6;type;Brilliant;persistent;true] Starting insane complications. the idea is} 21...Nxc6 22.f3 $1 {[%c_effect f3;square;f3;type;GreatFind;persistent;true] And White recovers material because the bishop is protecting the d5-pawn.} 22...Nce5 23.Bf2 $1 ( 23.fxe4 $2 Nxg4 24.Bxg4 Qg3 {with a winning attack.} ) 23...Bc5 $1 24.Bxc5 Nxf3+ $1 ( 24...Nxc5 $2 25.fxe4 {wins for White.} ) 25.gxf3 Nxc5 26.fxe4 Qg3+ 27.Kh1 Qxh3+ 28.Nh2 Nxe4 29.Qxd5+ Kh8 30.Rxf8+ Rxf8 31.Qxe4 Rf2 32.Qe8+ Kh7 33.Qe4+ {With a perpetual check. Chess is simple, isn't it $2} ) 21...Nxe5 {Now, all the black pieces are pointing toward the white king, and the end is near.} 22.f3 ( 22.f4 Qg3 ) ( 22.Qd2 Rf6 $1 {[%c_effect f6;square;f6;type;GreatFind;persistent;true] Followed by Rg6.} ) 22...Ng4 $3 {[%c_effect g4;square;g4;type;Brilliant;persistent;true] A brilliant finish $1} 23.fxg4 ( 23.hxg4 Qh2+ 24.Kf2 Bg3# ) 23...Bxg2 $1 {[%c_effect g2;square;g2;type;GreatFind;persistent;true] Played right away. Nihal saw everything.} 24.Rxf8+ Rxf8 25.Nf5 ( 25.Kxg2 Qg3+ 26.Kh1 Qh2# ) 25...Rxf5 ( 25...Qxh3 {also wins.} ) 26.gxf5 Qg3 0-1

[Event "Speed Chess Championship 2022 - Evento"]
[Site "Chess.com"]
[Date "2022.12.08"]
[Round "1"]
[White "Paravyan, David"]
[Black "Nakamura, Hikaru"]
[Result "0-1"]
[WhiteElo "2586"]
[BlackElo "2768"]
[ECO "C46"]
[EventDate "2022.??.??"]
[Annotator "rafael"]
[PlyCount "100"]
[Beauty "7014755341864"]
[EventType "team-tourn"]
[TimeControl "180+1"]

1.e4 Nc6 {An exotic start, but the game seems to return to normality in the next move.} 2.Nf3 {Interestingly, some elite players prefer this move to facing Black's provocative system with the critical move: 2.d4.} ( 2.d4 d5 ) 2...e5 3.Nc3 f5 $2 {[%c_effect f5;square;f5;type;Mistake;persistent;true] We will not have a \"normal\" game $1 A small relief from the Italians and Berlins we are so used to these days. This move is bad, and of course, Nakamura knows that better than you and me, but he has confidence in his incredible ability to calculate in complicated positions.} 4.d4 ( 4.exf5 {was played by Xiong against Nakamura in a Titled Tuesday and he won that game too.} 4...Nf6 5.d4 e4 6.Ne5 {White is better. Xiong-Nakamura, Chess.com 2022.} ) 4...fxe4 5.Nxe5 Nf6 6.Bc4 d5 7.Nxd5 $1 {[%c_effect d5;square;d5;type;GreatFind;persistent;true] This move refutes Black's system.} 7...Nxd5 8.Qh5+ g6 9.Nxg6 hxg6 ( 9...Nf6 $2 {[%c_effect f6;square;f6;type;Mistake;persistent;true] loses to} 10.Bf7+ $1 Kxf7 11.Ne5+ Ke6 12.Qf7+ Kd6 13.Nc4# ) 10.Qxg6+ $1 ( 10.Qxh8 $6 {[%c_effect h8;square;h8;type;Inaccuracy;persistent;true] I found a game from 1918 played by a van Foreest with Black—certainly a family with a lot of chess tradition, and it seems the old generation, just like the new one, liked to be adventurous over the board.} 10...Qf6 ( 10...Ndb4 $1 {[%c_effect b4;square;b4;type;GreatFind;persistent;true] is better.} ) 11.Qxf6 Nxf6 12.Bg5 {with advantage for White in Marchand-van Foreest, Amsterdam 1918.} ) 10...Kd7 11.Qf7+ $2 {[%c_effect f7;square;f7;type;Mistake;persistent;true] A new move and not the best one.} ( 11.Bxd5 $1 {[%c_effect d5;square;d5;type;GreatFind;persistent;true] is more accurate.} 11...Nxd4 12.Bg5 Qe8 ( 12...Be7 13.Be6+ Nxe6 14.Rd1+ Bd6 15.Bxd8 Rxd8 16.O-O {The queen and two pawns are much stronger than three pieces.} ) 13.Bf7 Qe5 14.O-O-O ( 14.Rd1 $1 {[%c_effect d1;square;d1;type;GreatFind;persistent;true] is even better.} ) 14...c5 15.c3 {With a winning initiative for White in Esserman-Zaikov, ICC INT 2009.} ) 11...Nce7 $6 ( 11...Qe7 $1 {[%c_effect e7;square;e7;type;GreatFind;persistent;true] is the best way.} 12.Qxd5+ Ke8 {with a double edged position.} ) 12.Bxd5 Bh6 ( 12...c6 $1 13.Bxe4 Qe8 {is a better way to defend.} ) 13.Be6+ {White has other promising continuations.} ( 13.Bxh6 Rxh6 14.O-O-O ) ( 13.Qe6+ Ke8 14.Qe5 $1 Qxd5 15.Qxh8+ Bf8 16.O-O ) 13...Kc6 14.d5+ Kb6 15.Bxh6 Rxh6 16.Qf4 Qh8 ( 16...Bxe6 $1 {[%c_effect e6;square;e6;type;GreatFind;persistent;true] is the correct move.} 17.Qe3+ {The best. White has only a small advantage with the alternatives.} ( 17.Qxh6 Qxd5 ) ( 17.O-O-O Nxd5 18.Qxh6 Qf6 ) 17...c5 $1 18.dxc6+ Kxc6 19.Qxh6 Qa5+ 20.c3 Qe5 21.O-O-O {White has the advantage, but the game is far from over.} ) 17.Qe3+ c5 18.dxc6+ ( 18.Qb3+ $5 {[%c_effect b3;square;b3;type;Interesting;persistent;true] is very promising. After} 18...Ka6 ( 18...Kc7 19.O-O-O $1 ) 19.O-O-O {White is ready to play Rhe1 and bring the rook to the attack. The computer is very optimistic.} ) 18...Kxc6 19.Qxe4+ Kc7 20.Qf4+ Kc6 21.Qc4+ {I think this was the right time to capture on c8 since Black is not able to check on e5.} ( 21.Bxc8 $1 Rxc8 22.O-O-O {Four pawns and a strong attack as \"compensation\" for the knight. This should be enough to win the game.} ) 21...Kb6 22.Qb4+ Kc6 23.Bxc8 Qe5+ $1 {[%c_effect e5;square;e5;type;GreatFind;persistent;true] Namakura seizes the chance to activate his queen and stop his opponent from castling.} 24.Kf1 Nxc8 ( 24...Rxc8 $1 25.Re1 Qd6 $1 {[%c_effect d6;square;d6;type;GreatFind;persistent;true] Maybe Nakamura missed this move, the only way of saving the knight.} 26.Qe4+ Kd7 27.Qxb7+ Rc7 {Despite White's numerous pawns, Black has good chances of surviving because his pieces are well-placed.} ) 25.Re1 Qf6 26.Qc4+ $6 ( 26.Re3 $1 {[%c_effect e3;square;e3;type;GreatFind;persistent;true] Is a dangerous way of continuing the attack.} 26...Nd6 $6 {[%c_effect d6;square;d6;type;Inaccuracy;persistent;true] This natural move now loses.} ( 26...Kc7 $1 {[%c_effect c7;square;c7;type;GreatFind;persistent;true] is the only chance.} ) 27.Rc3+ Kd7 28.Qg4+ {with a winning attack, for instance:} 28...Nf5 29.Rd3+ Ke7 30.Qe4+ Kf8 31.Rf3 ) 26...Kd7 27.Qb5+ Kc7 28.Re3 $6 ( 28.Qe5+ {It's time to exchange queens and start advancing the kingside.} 28...Qxe5 29.Rxe5 {with good winning chances.} ) 28...Nd6 $1 {[%c_effect d6;square;d6;type;GreatFind;persistent;true] Now Black is back into the game.} 29.Qa5+ Kd7 30.Qa4+ b5 31.Qb4 ( 31.Qg4+ {is better.} ) 31...Rh4 ( 31...Rc8 $1 ) 32.Qa5 $2 {[%c_effect a5;square;a5;type;Mistake;persistent;true] Here, the queen is misplaced.} ( 32.Qc3 {is a better chance.} ) 32...Rf4 {The alternatives are equally good.} ( 32...Rd4 ) ( 32...Qxb2 ) 33.Qd2 Rf8 34.f3 Qxb2 35.Kf2 Rd4 36.Qe2 Rc4 ( 36...Rc8 $1 {[%c_effect c8;square;c8;type;GreatFind;persistent;true] wins immediately since} 37.c3 {loses the queen to} 37...Rd2 ) 37.c3 Qxe2+ 38.Kxe2 Ra4 {The endgame is easily winning in Namakura's hands.} 39.Kf2 Rxa2+ 40.Re2 Ne4+ $1 41.Ke3 Rxe2+ 42.Kxe2 Nxc3+ 43.Kd3 b4 44.Kc4 a5 45.h4 Rc8+ 46.Kb3 Rb8 47.h5 a4+ 48.Kc4 a3 49.h6 a2 50.h7 Nb1 0-1